 Dungeon Crawl Stone Soup version 0.28-a0-1510-gd0f6b136d3 (webtiles) character file.

Game seed: 14241254909446354365

65942 Pooter the Severer (level 14, -1/145 HPs)
             Began as a Minotaur Berserker on Jan 13, 2022.
             Was an Elder of Trog.
             Slain by a freezing wraith (6 damage)
             ... led by a death knight
             ... on level 12 of the Dungeon on Jan 14, 2022.
             The game lasted 02:37:19 (23901 turns).

Pooter the Severer (Minotaur Berserker)            Turns: 23901, Time: 02:37:20

Health: -1/145     AC:  9    Str: 31    XL:     14   Next: 77%
Magic:  13/13      EV: 12    Int:  8    God:    Trog [****..]
Gold:   49         SH: 12    Dex: 12    Spells: 13/13 levels left

rFire   + + .      SeeInvis .   a - +7 broad axe "Ecoesse" {drain, rCorr Int+2 Stlth-}
rCold   . . .      Faith    .   q - +1 kite shield of Saseolut {rF+ rN+ Regen+}
rNeg    + . .      Spirit   .   X - +4 chain mail {rF+}
rPois   .          Reflect  .   (helmet restricted)
rElec   .          Harm     .   P - scarf {shadows}
rCorr   +          Rampage  .   m - +0 pair of gloves
Will    ++++.                   (no boots)
Stlth   ..........              r - amulet of regeneration
HPRegen 2.94/turn               G - +4 ring of evasion
MPRegen 0.13/turn               E - +6 ring of strength

@: strong-willed, regenerating, slowed, very slow
A: horns 2, retaliatory headbutt, agile 1, deformed body, strong-willed 1,
passive freeze, robust 1
a: Renounce Religion, Berserk, Trog's Hand, Brothers in Arms


You were on level 12 of the Dungeon.
You worshipped Trog.
Trog was greatly pleased with you.
You visited 3 branches of the dungeon, and saw 20 of its levels.
You also visited: Volcano.

You collected 2397 gold pieces.
You spent 2348 gold pieces at shops.

Inventory:

Hand Weapons
 a - the +7 broad axe "Ecoesse" (weapon) {drain, rCorr Int+2 Stlth-}
   (You acquired it on level 2 of the Orcish Mines)

   A truly terrible weapon, it drains the life of any living foe it strikes.
   Int:       It affects your intelligence (+2).
   rCorr:     It protects you from acid and corrosion.
   Stlth:     It makes you less stealthy.
 b - a +2 hand crossbow of venom
   (You bought it in a shop on level 10 of the Dungeon)
 f - the +2 morningstar of Irritation {venom, rN+ Will++ Int+3}
   (You found it on level 1 of the Lair of Beasts)

   It poisons the flesh of those it strikes.
   Int:       It affects your intelligence (+3).
   rN:        It protects you from negative energy.
   Will:      It greatly increases your willpower.
 w - a +6 broad axe of freezing
   (You bought it in a shop on level 2 of the Dungeon)
 B - a +2 demon whip of flaming
   (You found it in a volcano)
Missiles
 k - 26 poisoned darts (quivered)
 y - a curare-tipped dart
 z - 2 silver boomerangs
 H - 10 boomerangs
 K - 4 silver javelins
 L - 5 boomerangs of dispersal {!f}
 N - a throwing net {!f}
 Q - 97 bolts
Armour
 m - a +0 pair of gloves (worn)
   (You found it on level 2 of the Dungeon)
 q - the +1 kite shield of Saseolut (worn) {rF+ rN+ Regen+}
   (You acquired it on level 1 of the Lair of Beasts)

   rF:        It protects you from fire.
   rN:        It protects you from negative energy.
   Regen:     It increases your rate of health regeneration.
 P - a scarf of shadows (worn)
   (You found it on level 3 of the Lair of Beasts)
 X - a +4 chain mail of fire resistance (worn)
   (You found it in a volcano)
 Y - a +1 plate armour
   (You took it off an orc warrior on level 1 of the Orcish Mines)
Jewellery
 r - an amulet of regeneration (around neck)
   (You found it on level 8 of the Dungeon)
 u - a ring of flight
   (You found it on level 4 of the Dungeon)
 A - a ring of willpower
   (You found it on level 4 of the Dungeon)
 E - a +6 ring of strength (right hand)
   (You found it on level 1 of the Lair of Beasts)
 F - a ring of protection from fire
   (You found it on level 5 of the Dungeon)
 G - a +4 ring of evasion (left hand)
   (You bought it in a shop on level 2 of the Dungeon)
 I - a ring of protection from fire
   (You found it on level 6 of the Dungeon)
 M - a ring of magical power
   (You found it on level 11 of the Dungeon)
 O - a +6 ring of intelligence
   (You found it on level 1 of the Dungeon)
 S - a ring of see invisible
   (You found it on level 2 of the Lair of Beasts)
Wands
 d - a wand of iceblast (21)
   (You found it on level 2 of the Lair of Beasts)
 s - a wand of polymorph (24)
   (You found it on level 7 of the Dungeon)
 x - a wand of acid (10)
   (You found it on level 4 of the Dungeon)
 D - a wand of digging (8)
   (You took it off a gnoll on level 7 of the Dungeon)
 T - a wand of mindburst (7)
   (You found it on level 12 of the Dungeon)
Scrolls
 i - 12 scrolls of identify {@r1}
 j - 4 scrolls of immolation {!r}
 l - 4 scrolls of fog
 p - 2 scrolls of silence
 t - 5 scrolls of teleportation {@r4}
 v - 3 scrolls of magic mapping
 R - a scroll of fear
 V - 3 scrolls of noise {!r}
Potions
 c - 2 potions of resistance
 e - 2 potions of ambrosia
 g - 6 potions of haste {@q3}
 h - 4 potions of heal wounds {@q2}
 n - 4 potions of lignification {!q}
 o - 5 potions of curing {@q1}
 C - 3 potions of attraction {!q}
 J - 5 potions of might
 W - 2 potions of flight
 Z - 2 potions of cancellation
Miscellaneous
 U - a phantom mirror
   (You found it on level 9 of the Dungeon)


   Skills:
 + Level 14.1 Fighting
 - Level 18.0 Axes
 - Level 8.4 Slings
 * Level 11.2 Crossbows
 - Level 2.4 Armour
 - Level 2.1 Dodging
 + Level 11.2 Shields
 + Level 9.6 Evocations


You had 13 spell levels left.
You didn't know any spells.
Your spell library was empty.

Dungeon Overview and Level Annotations

Branches:
Dungeon (12/15)            Temple (0/1) D:7            Lair (6/6) D:10
 Shoals (0/4) Lair:3        Snake (0/4) Lair:4        Slime (0/5) Lair:5
    Orc (2/2) D:9             Elf (0/3) Orc:2       Volcano (visited)

Altars:
Ashenzari
Elyvilon
Hepliaklqana
Kikubaaqudgha
Sif Muna
Vehumet
Yredelemnul
Beogh
Jiyva

Shops:
D:2 *   D:3 =   D:6 (   D:10 (   D:12 ?[(   Orc:2 ?!


Innate Abilities, Weirdness & Mutations

You have a pair of horns on your head.
You reflexively headbutt those who attack you in melee.
You are agile. (Dex +2)
Armour fits poorly on your strangely shaped body.
You are strong-willed. (Will+)
A frigid envelope surrounds you and freezes all who hurt you.
You are robust. (+10% HP)


Message History

You slash the death knight! Your headbutt misses the death knight.
You slice the plant!!
The plant begins to die.
You drain the plant! You hit the freezing wraith.
You hit the freezing wraith but do no damage.
The death knight reflects your damage back at you!
You block the freezing wraith's attack. The freezing wraith closely misses you.
The freezing wraith hits you but does no damage.
The freezing wraith completely resists.
The freezing wraith hits you. The freezing wraith drains your vigour!
You feel as though you will be slow longer.
The freezing wraith completely resists.
The death knight hits you with a +0 halberd.
The death knight is very cold.
The death knight reflects your damage back at you!
You hit the death knight. You drain the death knight.
You headbutt the death knight, but do no damage.
You slash the plant! You drain the plant!
You hit the freezing wraith but do no damage. x2
The death knight reflects your damage back at you!
The freezing wraith misses you. You block the freezing wraith's attack.
The freezing wraith misses you. You furiously retaliate!
You headbutt the freezing wraith! The freezing wraith hits you.
The freezing wraith completely resists.
The death knight hits you with a +0 halberd!
* * * LOW HITPOINT WARNING * * *
The death knight is very cold.
The death knight reflects your damage back at you!
You slash the death knight! You closely miss the freezing wraith.
You hit the freezing wraith but do no damage.
You slash the plant!
The death knight reflects your damage back at you!
* * * LOW HITPOINT WARNING * * *
The freezing wraith hits you.
* * * LOW HITPOINT WARNING * * *
The freezing wraith freezes you!
* * * LOW HITPOINT WARNING * * *
The freezing wraith completely resists.
The freezing wraith hits you!
* * * LOW HITPOINT WARNING * * *
The freezing wraith drains your vigour!
You feel as though you will be slow longer.
The freezing wraith completely resists.
The freezing wraith hits you but does no damage.
The freezing wraith completely resists.
You block the freezing wraith's attack.
The death knight hits you with a +0 halberd!!
* * * LOW HITPOINT WARNING * * *
The death knight is very cold.
The death knight reflects your damage back at you!
* * * LOW HITPOINT WARNING * * *
You block the freezing wraith's attack. The freezing wraith hits you.
You die...

##.. ####...
.......###.PP.P##......
..........≈≈P≈≈≈P.......
..........P≈≈≈P≈P...<.∩.
..........PP♣ ♣P≈≈P.....
.........P≈♣♣ ♣≈P.P.....
..........≈≈♣ ♣P≈.P.....
.......@pP≈≈♣♣♣≈P≈......
......WWP≈≈≈P≈≈≈≈.....#.
.......(..P≈≈≈≈PP.....##
....$...)...PPPP......#.
.........)####.#.........
............##...........
....................##......
..............####..###......
#..............###.##.###.....


You could see a death knight (reflects damage, drained) and 2 freezing wraiths.

Vanquished Creatures
  5 rockslimes
  An azure jelly (Lair:5)
  A stone giant (Volcano)
  A dire elephant (Lair:6)
  The ghost of flotson the Fighter, a journeyman DsGl of Gozag (Lair:2)
  8 hydras
  A merfolk avatar (Lair:6)
  A boulder beetle (D:12)
  3 centaur warriors (D:9)
  3 two-headed ogres
  5 death yaks (Lair:3)
  A sun demon (Orc:2)
  2 skeletal warriors (D:12)
  3 sea snakes
  2 harpies (Lair:6)
  An orc knight (Orc:2)
  A deep elf pyromancer (D:12)
  2 manticores
  An ugly thing (D:9)
  3 cyclopes (D:9)
  2 orc sorcerers
  2 elephants (Lair:6)
  A molten gargoyle (Volcano)
  Joseph (D:7)
  5 black mambas
  12 cane toads
  2 kobold demonologists (D:10)
  A gargoyle (D:12)
  2 efreet
  5 rime drakes
  6 komodo dragons
  5 trolls
  5 polar bears
  A wind drake (Lair:6)
  4 hornets
  7 slime creatures
  Grinder (D:4)
  9 blink frogs
  Prince Ribbit (D:5)
  A snapping turtle (Lair:6)
  A shadow (D:10)
  A vampire (D:12)
  41 yaks
  3 wyverns
  A ynoxinul (Orc:2)
  3 fire elementals (Volcano)
  7 fire bats (Volcano)
  A wraith (D:11)
  3 basilisks
  A neqoxec (Orc:2)
  A chaos spawn (Orc:2)
  4 vampire mosquitoes (D:11)
  Menkaure (D:4)
  Edmund (D:3)
  2 wargs
  4 steam dragons
  An acid dragon (D:10)
  15 water moccasins
  24 orc warriors
  2 ice beasts
  A sky beast (D:7)
  2 black bears
  A necrophage (D:6)
  4 ogres
  7 wolves
  2 centaurs
  A phantom (D:7)
  3 kobold brigands
  19 bullfrogs
  5 scorpions
  A gnoll sergeant (D:8)
  2 earth elementals (Volcano)
  5 wights
  7 electric eels (D:10)
  5 howler monkeys
  5 lava snakes (Volcano)
  2 centaur zombies
  6 hounds
  8 jellies
  3 gnoll shamans
  15 orc priests
  A bullfrog skeleton (D:4)
  Terence (D:2)
  8 iguanas
  Natasha (thrice) (D:2)
  11 orc wizards
  A killer bee zombie (D:9)
  14 gnolls
  2 howler monkey skeletons (D:7)
  5 adders
  A shadow imp (D:7)
  2 white imps (D:8)
  2 worms
  4 dart slugs
  68 orcs
  17 endoplasms
  4 giant cockroaches
  6 goblins
  5 hobgoblins
  5 jackals
  17 kobolds
  A quokka (D:2)
  3 training dummies (D:6)
  10 ball pythons
  5 bats
  3 frilled lizards
  2 rats
541 creatures vanquished.

Vanquished Creatures (others)
  A centaur simulacrum (D:9)
  A kobold (D:10)
  60 fungi
  65 plants
127 creatures vanquished.

Grand Total: 668 creatures vanquished

Notes
Turn   | Place    | Note
-------+----------+-------------------------------------------
     0 | D:1      | Pooter the Minotaur Berserker began the quest for the Orb.
     0 | D:1      | Reached XP level 1. HP: 19/19 MP: 0/0
   193 | D:1      | Reached skill level 4 in Axes
   219 | D:1      | Reached XP level 2. HP: 21/27 MP: 1/1
   282 | D:1      | Found a faded altar of an unknown god.
   677 | D:2      | Reached XP level 3. HP: 30/33 MP: 2/2
   683 | D:2      | Reached ** piety under Trog
   791 | D:2      | Noticed Natasha
   803 | D:2      | Killed Natasha
   804 | D:2      | Reached skill level 5 in Axes
   846 | D:2      | Noticed Natasha
   856 | D:2      | Killed Natasha
   857 | D:2      | Reached XP level 4. HP: 29/41 MP: 3/3
   901 | D:2      | Noticed Natasha
   908 | D:2      | Killed Natasha
   964 | D:2      | Found Fumiplan's Assorted Antiques.
   982 | D:2      | Bought a scroll labelled ZESMURCHOYD for 27 gold pieces
   982 | D:2      | Bought a scroll labelled OLETUP WOEMO for 27 gold pieces
  1176 | D:2      | Noticed Terence
  1181 | D:2      | Killed Terence
  1182 | D:2      | Reached skill level 6 in Axes
  1182 | D:2      | Reached XP level 5. HP: 47/47 MP: 4/4
  1218 | D:2      | Reached skill level 5 in Fighting
  1243 | D:2      | Found a shimmering blue altar of Sif Muna.
  1588 | D:3      | Found Diyna's Jewellery Emporium.
  2856 | D:4      | Noticed Grinder
  2857 | D:4      | Noticed a black bear
  2942 | D:3      | Killed a black bear
  2943 | D:3      | Reached skill level 7 in Axes
  2943 | D:3      | Reached XP level 6. HP: 34/57 MP: 5/5
  3014 | D:4      | Noticed Edmund
  3042 | D:3      | Killed Edmund
  3043 | D:3      | Reached skill level 8 in Axes
  3246 | D:4      | Noticed Menkaure
  3249 | D:4      | HP: 2/58 [Menkaure (14)]
  3250 | D:4      | Killed Menkaure
  3251 | D:4      | Reached XP level 7. HP: 3/56 MP: 6/6
  3548 | D:4      | Killed Grinder
  3549 | D:4      | Reached skill level 9 in Axes
  4032 | D:4      | Reached skill level 1 in Slings
  4207 | D:5      | Entered Level 5 of the Dungeon
  4233 | D:5      | Reached skill level 1 in Evocations
  4233 | D:5      | Reached XP level 8. HP: 71/73 MP: 7/7
  4333 | D:5      | Noticed Prince Ribbit
  4339 | D:5      | Killed Prince Ribbit
  4340 | D:5      | Reached skill level 10 in Axes
  4685 | D:2      | Bought a glowing broad axe for 189 gold pieces
  5375 | D:2      | Bought a small bronze ring for 135 gold pieces
  6156 | D:2      | Bought a black potion for 24 gold pieces
  6250 | D:6      | Reached skill level 11 in Axes
  6250 | D:6      | Reached XP level 9. HP: 81/81 MP: 8/8
  6694 | D:6      | Reached *** piety under Trog
  6716 | D:6      | Found Tida's Firing Range.
  6730 | D:6      | Bought 5 boomerangs of dispersal for 90 gold pieces
  7107 | D:7      | Noticed Joseph
  7118 | D:7      | Killed Joseph
  7388 | D:7      | Reached skill level 12 in Axes
  7395 | D:7      | Found a radiant altar of Vehumet.
  7464 | D:7      | Found a staircase to the Ecumenical Temple.
  7720 | D:7      | Reached skill level 5 in Slings
  7997 | D:8      | Reached skill level 1 in Shields
  8548 | D:8      | Reached XP level 10. HP: 35/84 MP: 9/9
  9033 | D:9      | Noticed a cyclops
  9044 | D:9      | Killed a cyclops
  9200 | D:9      | Reached **** piety under Trog
  9368 | D:9      | Reached skill level 13 in Axes
  9404 | D:9      | Noticed a centaur warrior
  9453 | D:9      | Noticed a white ugly thing
  9495 | D:9      | Killed a white ugly thing
  9496 | D:9      | Reached skill level 5 in Evocations
  9619 | D:9      | Noticed a cyclops
  9624 | D:9      | Killed a cyclops
  9625 | D:9      | Reached skill level 10 in Fighting
  9775 | D:9      | Noticed a centaur warrior
  9787 | D:9      | Killed a centaur warrior
  9871 | D:9      | Noticed a centaur warrior
  9885 | D:9      | Killed a centaur warrior
  9935 | D:9      | Noticed a cyclops
  9947 | D:9      | Killed a cyclops
  9948 | D:9      | Reached XP level 11. HP: 87/101 MP: 10/10
  9991 | D:9      | Noticed a six-headed hydra
 10001 | D:9      | Killed a six-headed hydra
 10002 | D:9      | Reached skill level 14 in Axes
 10163 | D:9      | Killed a centaur warrior
 10244 | D:9      | Reached skill level 5 in Shields
 10264 | D:9      | Found a white marble altar of Elyvilon.
 10485 | D:9      | Found a staircase to the Orcish Mines.
 10556 | Orc:1    | Entered Level 1 of the Orcish Mines
 10748 | Orc:1    | Noticed an orc sorcerer
 10922 | Orc:1    | Killed an orc sorcerer
 11120 | Orc:2    | Entered Level 2 of the Orcish Mines
 11120 | Orc:2    | Noticed an orc sorcerer
 11127 | Orc:2    | Noticed a sun demon
 11130 | Orc:2    | Killed an orc sorcerer
 12156 | Orc:2    | Found a staircase to the Elven Halls.
 12158 | Orc:2    | Noticed a two-headed ogre
 12169 | Orc:2    | Killed a two-headed ogre
 12170 | Orc:2    | Reached skill level 15 in Axes
 12296 | Orc:2    | Noticed an orc knight
 12547 | Orc:2    | Found Juureaqo's Distillery.
 12570 | Orc:2    | Killed an orc knight
 12864 | Orc:2    | Found Demock's Magic Scroll Emporium.
 12896 | Orc:2    | Bought a potion of heal wounds for 85 gold pieces
 12896 | Orc:2    | Bought a potion of cancellation for 136 gold pieces
 12896 | Orc:2    | Bought a potion of flight for 51 gold pieces
 12896 | Orc:2    | Bought a potion of cancellation for 136 gold pieces
 12896 | Orc:2    | Bought a potion of curing for 51 gold pieces
 12900 | Orc:2    | Bought a scroll of identify for 28 gold pieces
 12900 | Orc:2    | Bought a scroll of identify for 28 gold pieces
 12900 | Orc:2    | Bought a scroll of enchant weapon for 105 gold pieces
 12900 | Orc:2    | Bought a scroll of identify for 28 gold pieces
 12900 | Orc:2    | Bought a scroll of brand weapon for 280 gold pieces
 12900 | Orc:2    | Bought a scroll of identify for 28 gold pieces
 12944 | Orc:2    | Noticed a sun demon
 12953 | Orc:2    | Gained mutation: You have hidden genetic defects. [a
                  | neqoxec]
 12954 | Orc:2    | Killed a sun demon
 12956 | Orc:2    | Noticed an orc knight
 12956 | Orc:2    | Gained mutation: You tend to lose your temper in combat. [a
                  | neqoxec]
 13233 | D:10     | Entered Level 10 of the Dungeon
 13378 | D:10     | Noticed a two-headed ogre
 13381 | D:10     | Killed a two-headed ogre
 13382 | D:10     | Reached XP level 12. HP: 110/110 MP: 11/11
 13528 | D:10     | Found a hazy altar of Hepliaklqana.
 13531 | D:10     | Found a basalt altar of Yredelemnul.
 13534 | D:10     | Found a broken altar of Ashenzari.
 13537 | D:10     | Found an ancient bone altar of Kikubaaqudgha.
 13596 | D:10     | Paralysed by a hornet for 3 turns
 13614 | D:10     | Gained mutation: You sometimes lose the ability to read
                  | scrolls when taking damage. [hidden defects]
 13887 | D:10     | Found Wourghi's Hydra Hut.
 13889 | D:10     | Noticed an eight-headed hydra
 13896 | D:10     | Bought a +1 hand crossbow of freezing for 172 gold pieces
 14060 | D:10     | Reached skill level 1 in Crossbows
 14150 | D:10     | Found a staircase to the Lair.
 14815 | Lair:1   | Entered Level 1 of the Lair of Beasts
 14831 | Lair:1   | Identified the +2 morningstar of Irritation {venom, rN+
                  | Will++ Int+3}
 14987 | Lair:1   | Lost mutation: You tend to lose your temper in combat.
                  | [potion of mutation]
 14987 | Lair:1   | Lost mutation: You have hidden genetic defects. [potion of
                  | mutation]
 14987 | Lair:1   | Gained mutation: Armour fits poorly on your strangely
                  | shaped body. [potion of mutation]
 14987 | Lair:1   | Gained mutation: You are robust. (+10% HP) [potion of
                  | mutation]
 14987 | Lair:1   | Gained mutation: You have hidden genetic potential. [potion
                  | of mutation]
 15098 | Lair:1   | Identified a scroll of acquirement
 15098 | Lair:1   | Acquired the +1 kite shield of Saseolut {rF+ rN+ Regen+}
 15246 | Lair:1   | Reached skill level 16 in Axes
 16026 | Lair:2   | Found a runed translucent gate.
 16026 | Lair:2   | Found a runed translucent gate.
 16026 | Lair:2   | Found a runed translucent gate.
 16032 | Lair:2   | Noticed flotson's ghost (journeyman DsGl)
 16048 | Lair:2   | Killed flotson's ghost
 16527 | Lair:3   | Found a staircase to the Shoals.
 16546 | Lair:2   | HP: 6/123 [poisoned by a black mamba]
 16871 | Lair:3   | Reached skill level 5 in Crossbows
 16933 | Lair:3   | Noticed an eight-headed hydra
 16942 | Lair:3   | Found a dark tunnel.
 16951 | Volcano  | Entered a volcano
 17106 | Volcano  | Found a bloodstained altar of Trog.
 17243 | Volcano  | Noticed a stone giant
 17251 | Volcano  | Killed a stone giant
 17252 | Volcano  | Reached XP level 13. HP: 129/129 MP: 12/12
 17954 | Lair:3   | Reached skill level 17 in Axes
 17973 | Lair:3   | Gained mutation: You are strong-willed. (Will+) [hidden
                  | potential]
 18577 | Lair:4   | Lost mutation: You are strong-willed. (Will+) [potion of
                  | mutation]
 18577 | Lair:4   | Lost mutation: You sometimes lose the ability to read
                  | scrolls when taking damage. [potion of mutation]
 18577 | Lair:4   | Gained mutation: You are strong-willed. (Will+) [potion of
                  | mutation]
 18577 | Lair:4   | Gained mutation: You are agile. (Dex +2) [potion of
                  | mutation]
 18815 | Lair:4   | Noticed Nessos
 18824 | Lair:4   | Noticed Nessos
 18824 | Lair:4   | Nessos changed into Nessos the manticore
 18829 | Lair:4   | Killed Nessos the manticore
 19275 | Lair:4   | Found a staircase to the Snake Pit.
 19586 | Lair:5   | Found a staircase to the Slime Pits.
 19586 | Lair:5   | Found a viscous altar of Jiyva.
 20328 | Lair:6   | Entered Level 6 of the Lair of Beasts
 20935 | Lair:6   | Found a viscous altar of Jiyva.
 20935 | Lair:6   | Noticed a rockslime
 20935 | Lair:6   | Noticed a rockslime
 20935 | Lair:6   | Noticed a rockslime
 20935 | Lair:6   | Noticed an azure jelly
 20937 | Lair:6   | Noticed a rockslime
 20938 | Lair:6   | Reached XP level 14. HP: 139/141 MP: 13/13
 20938 | Lair:6   | Noticed a rockslime
 21025 | Lair:6   | Reached skill level 18 in Axes
 21134 | Lair:5   | Killed a rockslime
 21248 | Lair:6   | Killed a rockslime
 21249 | Lair:6   | Reached skill level 10 in Shields
 21419 | Lair:5   | Killed an azure jelly
 21590 | Lair:6   | Killed a rockslime
 21598 | Lair:6   | Gained mutation: A frigid envelope surrounds you and
                  | freezes all who hurt you. [hidden potential]
 21598 | Lair:6   | Lost mutation: You have hidden genetic potential. [hidden
                  | potential expressed]
 21707 | Lair:6   | Killed a rockslime
 21843 | Lair:6   | Killed a rockslime
 22039 | Lair:6   | Paralysed by a hornet for 3 turns
 22042 | Lair:6   | Reached skill level 10 in Crossbows
 22136 | Lair:6   | HP: 3/143 [drowned by a drowned soul[a merfolk avatar]
                  | (16)]
 22712 | Lair:6   | Upgraded the game from 0.28-a0-1506-g3893175d92 to
                  | 0.28-a0-1510-gd0f6b136d3
 23092 | Orc:2    | Bought a scroll of acquirement for 728 gold pieces
 23092 | Orc:2    | Acquired the +7 broad axe "Ecoesse" {drain, rCorr Int+2
                  | Stlth-}
 23653 | D:12     | Found Baggothi's Weapon Shoppe.
 23737 | D:12     | Found Zoekot's Armour Shop.
 23864 | D:12     | Found Yrocoif's Magic Scroll Boutique.
 23901 | D:12     | HP: 5/145 [mirror damage (6)]
 23901 | D:12     | Slain by a freezing wraith

Illustrated notes

Levels and vault maps discovered:
D:1:      saegor_arrival_simple_b, layout_rooms, basic_ecumenical_altar
D:2:      layout_rooms, serial_shops, shop, basic_altar, uniq_terence,
          uniq_natasha
D:3:      layout_basic, serial_shops, nicolae_shop_waterfront
D:4:      layout_rooms, uniq_edmund, uniq_grinder, uniq_menkaure
D:5:      minmay_polygon_palace, layout_loops_cross, serial_aquarium,
          aquarium_bridge_island_large [aquarium_subvault_large_water,
          aquarium_subvault_bridge, aquarium_subvault_bridge,
          aquarium_subvault_bridge, aquarium_subvault_bridge],
          aquarium_bridge_square [aquarium_subvault_balcony,
          aquarium_subvault_balcony, aquarium_subvault_bridge,
          aquarium_subvault_bridge], aquarium_window_1, aquarium_window_3,
          aquarium_window_2, aquarium_view_2c, aquarium_view_2c,
          aquarium_balcony_double_4, chequers_serial_rivers_marsh,
          uniq_prince_ribbit1
D:6:      layout_loops_ring, minmay_stone_trees_small, nicolae_shop_firing_range
D:7:      layout_rooms, mainiacjoe_overflow_catwalk, temple_pool_b, uniq_joseph
D:8:      layout_rooms, minmay_tree_intersection
D:9:      layout_basic, nicolae_overflow_crystal_walls,
          minmay_orc_entry_temple_small, minivault_28
D:10:     layout_basic, grunt_temple_overflow_cloverleaf, erik_lair_island,
          doesnt_shop_hydraphobe
D:11:     layout_basic
D:12:     layout_cave_pools, serial_park, serial_park_tiny_pond,
          serial_park_tiny_pond, serial_park_tiny_1, serial_shops,
          nicolae_shop_temple_entry_statues_fountains, nicolae_square_shop,
          kennysheep_mini, shop, amethyst_killhole, serial_bayou_pond_c
Lair:1:   layout_hall_layers, grunt_megastairs_4
Lair:2:   layout_chaotic_city, ebering_ghost_rock_garden
Lair:3:   layout_roguey, elwin_shoals_entry_rocks, nicolae_volcano_entry_s_turn
Lair:4:   layout_gridlike, uniq_nessos
Lair:5:   layout_roguey, slime_altar_1, infiniplex_staircase_pool_2
Lair:6:   gammafunk_lair_ancient_temple, layout_loops_ring, special_room
          [special_room_jelly], serial_bayou_shore_b
Orc:1:    layout_caves
Orc:2:    pf_orc_diabolical, layout_diamond_mine

Skill      XL: |  1  2  3  4  5  6  7  8  9 10 11 12 13 14 |
---------------+-------------------------------------------+-----
Axes           | 4 5 6 7 8 9 11 12 13 15 16 17 18 | 18.0
Fighting       | 4 5 6 7 8 9 10 11 12 13 14 | 14.1
Slings         | 1 3 5 6 8 |  8.4
Evocations     | 1 2 4 5 6 7 8 9 |  9.6
Shields        | 1 4 6 8 9 11 | 11.2
Crossbows      | 5 8 11 | 11.2
Armour         | |  2.4
Dodging        | |  2.1

Action                   |  1- 3 |  4- 6 |  7- 9 | 10-12 | 13-15 || total
-------------------------+-------+-------+-------+-------+-------++-------
Melee: Hand axe          |    66 |   122 |       |       |       ||   188
       Headbutt          |     4 |    22 |    29 |    84 |    71 ||   210
       Punch             |       |     3 |     2 |       |       ||     5
       Flail             |       |     2 |    36 |       |       ||    38
       Broad axe         |       |       |   154 |   416 |   295 ||   865
       Unarmed           |       |       |     2 |       |       ||     2
       Mace              |       |       |       |     3 |       ||     3
       Demon whip        |       |       |       |       |    31 ||    31
       Morningstar       |       |       |       |       |     6 ||     6
 Fire: Hunting sling     |     4 |     3 |    75 |   137 |       ||   219
       Hand crossbow     |       |       |       |    34 |   128 ||   162
Throw: Stone             |     4 |     1 |       |       |       ||     5
       Dart              |       |    16 |    12 |    11 |    28 ||    67
       Javelin           |       |       |       |     3 |     3 ||     6
Invok: Berserk           |     1 |     7 |     3 |    14 |    11 ||    36
       Trog's Hand       |       |     3 |     6 |    23 |    10 ||    42
Evoke: Wand              |       |       |       |    15 |     4 ||    19
  Use: Scroll            |     1 |     4 |     7 |    17 |     5 ||    34
       Potion            |       |       |       |     7 |     1 ||     8
Armor: Animal skin       |     9 |       |       |       |       ||     9
       Chain mail        |    29 |    71 |    82 |    49 |   120 ||   351
       Skin              |       |       |     1 |       |       ||     1
       Plate armour      |       |       |       |   103 |       ||   103
Dodge: Dodged            |    33 |    70 |   109 |   149 |   158 ||   519
Block: Kite shield       |       |       |    17 |   168 |   211 ||   396

Table legend: (Time is in decaauts)
 A = Elapsed time spent in this place.
 B = Non-inter-level travel time spent in this place.
 C = Inter-level travel time spent in this place.
 D = Time resting spent in this place.
 E = Time spent auto-exploring this place.
 F = Levels seen in this place.
 G = Mean time per level.
                   A        B        C        D        E       F      G
               +--------+--------+--------+--------+--------+-----+--------+
         Total |  24256 |  23011 |   1245 |   6050 |  11395 |  21 | 1155.0 |
       Dungeon |  13651 |  12764 |    887 |   3192 |   7209 |  12 | 1137.6 |
          Lair |   7504 |   7234 |    270 |   1769 |   3859 |   6 | 1250.7 |
  Orcish Mines |   2469 |   2382 |     87 |    731 |    283 |   2 | 1234.5 |
       Volcano |    631 |    631 |      0 |    357 |     43 |   1 |  631.0 |
               +--------+--------+--------+--------+--------+-----+--------+

Top non-repeatable levels by time:
     D:3: 2095 daAuts
     D:9: 1962 daAuts
   Orc:2: 1956 daAuts
  Lair:6: 1902 daAuts
    D:10: 1665 daAuts
     D:5: 1626 daAuts
  Lair:5: 1445 daAuts
  Lair:3: 1263 daAuts
     D:2: 1074 daAuts
     D:7: 1059 daAuts
     D:6: 1034 daAuts
  Lair:4: 977 daAuts
  Lair:1: 972 daAuts
     D:8: 955 daAuts
  Lair:2: 943 daAuts
